 Seeded DCSS version 0.30-a0-305-g026cb31310 (webtiles) character file.

Game seed: 10786124958312911374 (custom seed)

15 valliere the Trooper (level 2, -3/28 HPs)
             Began as a Naga Fighter on Oct 21, 2022.
             Slain by a quokka (4 damage)
             ... on level 1 of the Dungeon.
             The game lasted 00:00:33 (206 turns).

valliere the Trooper (Naga Fighter)                  Turns: 206, Time: 00:00:34

Health: -3/28      AC:  4    Str: 18    XL:     2   Next: 50%
Magic:  2/2        EV:  7    Int:  8    God:
Gold:   28         SH:  4    Dex: 10    Spells: 1/1 levels left

rFire   . . .      SeeInvis +    a - +0 trident
rCold   . . .      Faith    .    c - +0 buckler
rNeg    . . .      Spirit   .    b - +0 scale mail
rPois   +          Reflect  .    (no helmet)
rElec   .          Harm     .    (no cloak)
rCorr   .          Rampage  .    (no gloves)
Will    .....                    (no barding)
Stlth   ..........               (no amulet)
HPRegen 0.24/turn                (no ring)
MPRegen 0.08/turn                (no ring)

@: very slow
A: AC +0, large, see invisible, deformed body, poison resistance, slowness 2,
spit poison 1, naga tail 1
a: Spit Poison


You were on level 1 of the Dungeon.
You visited 1 branch of the dungeon, and saw 1 of its levels.

You collected 28 gold pieces.

Inventory:

Hand Weapons
 a - a +0 trident (weapon)
Armour
 b - a +0 scale mail (worn)
 c - a +0 buckler (worn)
Potions
 d - a potion of might


   Skills:
 + Level 3.1 Fighting
 * Level 2.4 Polearms
 + Level 2.5 Armour
 + Level 2.8 Shields
 + Level 0.5 Invocations


You had one spell level left.
You didn't know any spells.
Your spell library contained the following spells:

 Spells                   Type           Power      Damage    Failure   Level
 Summon Forest            Summ/Tloc      0%         N/A       100%        5
 Summon Mana Viper        Hex/Summ       0%         N/A       100%        5
 Summon Cactus Giant      Summ           0%         N/A       100%        6


Dungeon Overview and Level Annotations

Branches:
Dungeon (1/15)

Altars:


Innate Abilities, Weirdness & Mutations

Your serpentine skin is tough. (AC +0)
You have supernaturally acute eyesight. (SInv)
Armour fits poorly on your strangely shaped body.
Your system is resistant to poisons. (rPois)
You cover ground very slowly.
You can spit poison.
You have a snake-like lower body.


Message History

No target in view!
A quokka and a gnoll come into view.
Found 9 gold pieces.
The gnoll shouts!
You reach to attack!
You hit the gnoll.
The gnoll is moderately wounded.
You hit the gnoll but do no damage.
The gnoll is moderately wounded.
You block the gnoll's attack.
You barely miss the gnoll.
The gnoll is moderately wounded.
The quokka barely misses you. The gnoll hits you with a +0 club.
The quokka completely misses you.
You hit the gnoll.
The gnoll is moderately wounded.
The gnoll hits you with a +0 club. The quokka bites you.
The gnoll hits you with a +0 club.
You are too injured to fight recklessly!
You are too injured to fight recklessly!
You hit the gnoll.
The gnoll is severely wounded.
The quokka barely misses you. The gnoll hits you with a +0 club.
* * * LOW HITPOINT WARNING * * *
The quokka bites you.
* * * LOW HITPOINT WARNING * * *
You puncture the gnoll!
You kill the gnoll!
The quokka closely misses you.
You have reached level 2!
You barely miss the quokka.
The quokka bites you but does no damage.
The quokka twitches its whiskers.
The quokka bites you.
* * * LOW HITPOINT WARNING * * *
You hit the quokka but do no damage. The quokka bites you.
* * * LOW HITPOINT WARNING * * *
You closely miss the quokka. The quokka barely misses you.
The quokka closely misses you.
You hit the quokka but do no damage. The quokka bites you.
You die...

..........#....○....#
####....##.........#
##....###.......## #..####
######## #.##..## #≈.≈ #
... ..##.#....#####'#####
... ..#..#....###.....###
.... #.#..#....#.#.....#8#
.....#.#.@#....#.+..<..'.'
$....#.#r)#....#.#..>..#8#
#....#..#....###.....###
#?...##.#....#####+#####
#.......##..## # #..!.#..#
### #..g.#.....
.......##....# .......
#....#


You could see a quokka.

Vanquished Creatures
  A gnoll (D:1)
  A dart slug (D:1)
  A kobold (D:1)
  2 bats (D:1)
5 creatures vanquished.

Notes
Turn   | Place    | Note
-------+----------+-------------------------------------------
     0 | D:1      | valliere the Naga Fighter began the quest for the Orb.
     0 | D:1      | Reached XP level 1. HP: 21/21 MP: 1/1
   203 | D:1      | Reached XP level 2. HP: 5/28 MP: 2/2
   204 | D:1      | HP: 1/28 [quokka (2)]
   206 | D:1      | Slain by a quokka

Illustrated notes

Levels and vault maps discovered:
D:1:      shiori_arrival_elements, layout_basic

Action                   || total
-------------------------++-------
Melee: Trident           ||    31
Armor: Scale mail        ||    22
Dodge: Dodged            ||    14
Block: Buckler           ||     3

Table legend: (Time is in decaauts)
 A = Elapsed time spent in this place.
 B = Non-inter-level travel time spent in this place.
 C = Inter-level travel time spent in this place.
 D = Time resting spent in this place.
 E = Time spent auto-exploring this place.
 F = Levels seen in this place.
 G = Mean time per level.
                   A        B        C        D        E       F      G
               +--------+--------+--------+--------+--------+-----+--------+
         Total |    274 |    274 |      0 |      0 |    204 |   1 |  274.0 |
       Dungeon |    274 |    274 |      0 |      0 |    204 |   1 |  274.0 |
               +--------+--------+--------+--------+--------+-----+--------+

Top non-repeatable levels by time:
     D:1: 274 daAuts
